 Dungeon Crawl Stone Soup version 0.29.1-1-gd02db6906a (webtiles) character file.

Game seed: 17383684949284559774

141 Zeld the Digger (level 5, 0/28 HPs)
             Began as a Gargoyle Earth Elementalist on Oct 19, 2022.
             Slain by an orc
             ... wielding a +0 mace
              (3 damage)
             ... on level 2 of the Dungeon.
             The game lasted 00:05:19 (4154 turns).

Zeld the Digger (Gargoyle Earth Elementalist)       Turns: 4154, Time: 00:05:20

Health: 0/28       AC:  6    Str: 11    XL:     5   Next: 24%
Magic:  3/9        EV: 12    Int: 18    God:
Gold:   147        SH:  0    Dex: 10    Spells: 4/10 levels left

rFire   + . .      SeeInvis .   (no weapon)
rCold   . . .      Faith    .   (no shield)
rNeg    + . .      Spirit   .   a - +0 robe
rPois   ∞          Reflect  .   (no helmet)
rElec   +          Harm     .   (no cloak)
rCorr   .          Rampage  .   (no gloves)
Will    .....                   (no boots)
Stlth   ++........              (no amulet)
HPRegen 0.09/turn               c - ring of protection from fire
MPRegen 0.11/turn               (no ring)

@: no status effects
A: sickness immunity, AC +4, negative energy resistance 1, electricity
resistance, torment resistance 1, petrification resistance
a: no special abilities


You were on level 2 of the Dungeon.
You visited 1 branch of the dungeon, and saw 3 of its levels.

You collected 218 gold pieces.
You spent 71 gold pieces at shops.

Inventory:

Armour
 a - a +0 robe (worn)
Jewellery
 c - a ring of protection from fire (left hand)
Wands
 l - a wand of polymorph (9)
Scrolls
 e - 8 scrolls of identify {unknown}
 f - 3 scrolls of blinking {unknown}
 g - a scroll of teleportation {unknown}
 i - 2 scrolls of poison {unknown}
 o - a scroll of torment {unknown}
Potions
 b - a potion of magic
 d - a potion of brilliance {unknown}
 h - a potion of mutation {unknown}
 j - 2 potions of attraction {unknown}
 k - 2 potions of degeneration {unknown}
 m - a potion of curing {unknown}
 n - a potion of berserk rage {unknown}


   Skills:
 + Level 2.2 Dodging
 + Level 3.1 Stealth
 * Level 3.1 Spellcasting
 - Level 1.0 Transmutations
 * Level 5.0 Earth Magic


You had 4 spell levels left.
You knew the following spells:

 Your Spells              Type           Power      Damage    Failure   Level
a - Sandblast             Erth           40%        2d10      1%          1
b - Passwall              Tmut/Erth      10%        N/A       7%          2
c - Stone Arrow           Conj/Erth      22%        3d8       17%         3

Your spell library contained the following spells:

 Spells                   Type           Power      Damage    Failure   Level
 Beastly Appendage        Tmut           12%        N/A       11%         1
 Wereblood                Tmut           6%         N/A       16%         2
 Spider Form              Tmut/Pois      4%         N/A       36%         3
 Petrify                  Tmut/Erth      13%        N/A       43%         4


Dungeon Overview and Level Annotations

Branches:
Dungeon (3/15)

Altars:

Shops:
D:2 [[*((


Innate Abilities, Weirdness & Mutations

You are immune to sickness and miasma.
Your stone body is resilient. (AC +4)
You are immune to poison.
You resist negative energy. (rN+)
You are resistant to electric shocks. (rElec)
You are resistant to unholy torment.
You are immune to petrification.


Message History

The orc attacks as you move away! The orc hits you with a +0 mace.
The orc attacks as you move away! The orc barely misses you.
The orc attacks as you move away! The orc misses you.
An orc wizard appears from thin air!
Reactivating autopickup.
The orc wizard casts a spell.
The orc wizard flickers and vanishes!
Deactivating autopickup; reactivate with Ctrl-A.
The orc attacks as you move away! The orc hits you with a +0 mace.
The orc attacks as you move away! The orc hits you with a +0 mace.
* * * LOW HITPOINT WARNING * * *
There is a stone staircase leading up here.
The orc misses you.
You climb upwards.
Reactivating autopickup.
There is a stone staircase leading down here.
Casting: Sandblast (safe; 1% risk of failure)
Confirm with . or Enter, or press ? or * to list all spells.
Aiming: Sandblast (safe; 1% risk of failure)
Press: ? - help, Shift-Dir - straight line, f - orc
Aim: an orc, wielding a +0 mace and wearing a +0 scale mail (85% to hit)
The blast of sand hits the orc but does no damage.
The orc barely misses you. The orc hits you but does no damage.
Casting: Sandblast (safe; 1% risk of failure)
Confirm with . or Enter, or press ? or * to list all spells.
Aiming: Sandblast (safe; 1% risk of failure)
Press: ? - help, Shift-Dir - straight line, f/p - orc
Aim: an orc, wielding a +0 mace and wearing a +0 scale mail (85% to hit)
The blast of sand hits the orc but does no damage.
The orc hits you with a +0 mace.
* * * LOW HITPOINT WARNING * * *
Casting: Sandblast (safe; 1% risk of failure)
Confirm with . or Enter, or press ? or * to list all spells.
Aiming: Sandblast (safe; 1% risk of failure)
Press: ? - help, Shift-Dir - straight line, f/p - orc
Aim: an orc, wielding a +0 mace and wearing a +0 scale mail (85% to hit)
The blast of sand hits the orc.
The orc is moderately wounded.
The orc misses you. The orc hits you with a +0 mace.
You die...

########## #.# #.# #.#
###########.###########
###.......##............#
#......##.##..##.##.###.#
#.#.##.##.##...#(##.# #.#
####.#.##.##.#.o....##.# #.#
#.......∩.....@.....##.# #.#
#.##.#.#.###.##..#####.# #.#
#.##.#[#.###.##........# #.#
#.##.........###.####### #.#
#.#####..#######'## #.#### #.#
#..# ##.(.## #..... #.#####..#
##.....## #####. #........#
##.......## ##.###.
#####...####.........####...##.


You could see an orc.

Vanquished Creatures
  An orc priest (D:3)
  Jessica (D:2)
  2 adders (D:2)
  2 dart slugs
  10 orcs (D:3)
  3 ball pythons
  A bat (D:1)
  4 endoplasms
  4 giant cockroaches
  5 goblins
  2 hobgoblins
  5 jackals
  3 quokkas
  A frilled lizard (D:3)
  3 kobolds
  3 rats
50 creatures vanquished.

Vanquished Creatures (others)
  5 plants (D:3)
5 creatures vanquished.

Grand Total: 55 creatures vanquished

Notes
Turn   | Place    | Note
-------+----------+-------------------------------------------
     0 | D:1      | Zeld the Gargoyle Earth Elementalist began the quest for
                  | the Orb.
     0 | D:1      | Reached XP level 1. HP: 10/10 MP: 3/3
   184 | D:1      | Reached XP level 2. HP: 15/15 MP: 3/5
   402 | D:1      | Learned a level 2 spell: Passwall
   437 | D:1      | Reached skill level 1 in Transmutations
   437 | D:1      | Reached skill level 4 in Earth Magic
  1488 | D:2      | Reached XP level 3. HP: 15/19 MP: 2/6
  1492 | D:2      | Learned a level 3 spell: Stone Arrow
  1601 | D:2      | Found Naataocy's Armour Emporium.
  1610 | D:2      | Bought a +0 hat for 52 gold pieces
  1673 | D:2      | Found Menoo's Weapon Shop.
  1687 | D:2      | Found Igom's Assorted Antiques.
  1806 | D:2      | Bought a murky black potion for 19 gold pieces
  1862 | D:2      | Noticed Jessica
  1872 | D:2      | Killed Jessica
  2268 | D:2      | Reached XP level 4. HP: 20/24 MP: 3/8
  2444 | D:2      | Found Peajasues's Antique Weapon Boutique.
  2591 | D:2      | Found Duosihim's Armour Emporium.
  3395 | D:3      | Reached XP level 5. HP: 8/28 MP: 3/9
  3870 | D:3      | Found a faded altar of an unknown god.
  4064 | D:3      | Reached skill level 5 in Earth Magic
  4154 | D:2      | Slain by an orc

Illustrated notes

Levels and vault maps discovered:
D:1:      spicycebolla_green_bress_n_ham_2, layout_loops_ring,
          minmay_misc_feat_secret_circle
D:2:      layout_loops_corners, serial_shops, nicolae_diamond_shop, shop,
          nicolae_shop_statue_plus, shop, nicolae_shop_window_shopping,
          corexii_hall_statues_s, bh_walls_and_bars, uniq_jessica,
          uniq_crazy_yiuf_cottage
D:3:      layout_basic, shapermc_ecumenical_altar_notcrosses,
          minmay_misc_feat_five, serial_bayou_lagoon_b

Skill      XL: |  1  2  3  4  5 |
---------------+----------------+-----
Transmutations | 1 |  1.0
Earth Magic    | 4 5 |  5.0
Dodging        | 2 |  2.2
Stealth        | 3 |  3.1
Spellcasting   | 3 |  3.1

Action                   |  1- 3 |  4- 6 || total
-------------------------+-------+-------++-------
Melee: Unarmed           |    44 |    18 ||    62
 Cast: Sandblast         |    34 |    41 ||    75
Armor: Robe              |    18 |    15 ||    33
Dodge: Dodged            |    54 |    26 ||    80
